 Dungeon Crawl Stone Soup version 0.30-a0-718-geaa24f58ff (webtiles) character file.

Game seed: 10500017519674818632

3421 testman the Knight (level 9, -1/75 HPs)
             Began as a Demonspawn Gladiator on Jan 25, 2023.
             Was a Priest of Okawaru.
             Killed from afar by an electric eel (7 damage)
             ... with a bolt of electricity
             ... on level 7 of the Dungeon.
             The game lasted 00:25:08 (7853 turns).

testman the Knight (Demonspawn Gladiator)           Turns: 7853, Time: 00:25:09

Health: -1/75      AC: 11    Str: 18 (19) XL:     9   Next: 76%
Magic:  16/16      EV: 16    Int:  9 (10) God:    Okawaru [***...]
Gold:   481        SH:  4    Dex: 14      Spells: 8/8 levels left

rFire   . . .      SeeInvis .      - Unarmed
rCold   . . .      Faith    .    (no shield)
rNeg    . . .      Spirit   .    i - +2 robe {Will+}
rPois   .          Reflect  .    p - +0 helmet
rElec   .          Harm     .    D - +0 cloak
rCorr   .          Rampage  .    (no gloves)
Will    +....      Clarity  +    h - +0 pair of boots
Stlth   +++                      I - amulet of magic regeneration
HPRegen 0.32/turn                (no ring)
MPRegen 0.55/turn                (no ring)

@: heroic
A: claws 2, yellow scales 2, condensation shield, clarity
a: Renounce Religion, Heroism


You were on level 7 of the Dungeon.
You worshipped Okawaru.
Okawaru was most pleased with you.
You visited 2 branches of the dungeon, and saw 8 of its levels.

You collected 481 gold pieces.

Inventory:

Hand Weapons
 a - a +0 rapier
Missiles
 d - 5 throwing nets (quivered)
 e - a javelin
 B - a boomerang
Armour
 h - a +0 pair of boots (worn)
 i - a +2 robe of willpower (worn)
 p - a +0 helmet (worn)
 D - a +0 cloak (worn)
Jewellery
 I - an amulet of magic regeneration (around neck)
Wands
 q - a wand of quicksilver (8)
 t - a wand of paralysis (17)
 H - a wand of iceblast (13)
Scrolls
 c - 5 scrolls of identify {unknown}
 g - a scroll of torment {unknown}
 l - 2 scrolls of poison {unknown}
 r - a scroll of butterflies {unknown}
 s - a scroll of amnesia {unknown}
 v - 3 scrolls of noise {unknown}
 w - 3 scrolls of teleportation {unknown}
 y - 2 scrolls of vulnerability {unknown}
 z - 3 scrolls of enchant armour {unknown}
 C - a scroll of fear {unknown}
 E - a scroll of immolation {unknown}
 F - 2 scrolls of blinking {unknown}
Potions
 f - a potion of cancellation
 j - a potion of invisibility {unknown}
 k - a potion of experience {unknown}
 m - 2 potions of lignification
 n - 3 potions of curing {unknown}
 o - 2 potions of mutation
 u - a potion of degeneration
 x - a potion of might {unknown}
 G - a potion of ambrosia
 J - a potion of attraction {unknown}


   Skills:
 + Level 8.5(13.5) Fighting
 - Level 3.0(8.0) Short Blades
 - Level 2.0(7.0) Throwing
 - Level 3.5(8.5) Dodging
 + Level 7.2(12.2) Unarmed Combat
 + Level 9.4 Invocations


You had 8 spell levels left.
You didn't know any spells.
Your spell library was empty.

Dungeon Overview and Level Annotations

Branches:
Dungeon (7/15)             Temple (1/1) D:4

Altars:
Ashenzari
Cheibriados
Fedhas
Gozag
Hepliaklqana
Kikubaaqudgha
Makhleb
Nemelex Xobeh
Okawaru
Qazlal
Ru
Sif Muna
Trog
Uskayaw
Vehumet
Wu Jian
Xom
Yredelemnul


Innate Abilities, Weirdness & Mutations

You have very sharp fingernails.
You are mostly covered in yellow scales. (AC +3)
A meltable shield of frost defends you. (SH +4)
You possess an exceptional clarity of mind.


Message History

You open the door.
The electric eel shoots out a bolt of lightning at you!
The bolt of electricity misses you.
The electric eel shoots out a bolt of lightning at you!
The bolt of electricity hits you.
There is an open door here.
The electric eel shoots out a bolt of lightning at you!
The bolt of electricity hits the plant!
The plant begins to die.
The bolt of electricity hits you!
The electric eel shoots out a bolt of lightning at you!
The bolt of electricity hits the plant!
The bolt of electricity hits you!
The electric eel shoots out a bolt of lightning at you!
The bolt of electricity misses you.
The electric eel shoots out a bolt of lightning at you!
The bolt of electricity hits you!
You feel much better.
The electric eel shoots out a bolt of lightning at you!
The bolt of electricity misses you.
A nearby plant withers and dies.
The electric eel shoots out a bolt of lightning at you!
The bolt of electricity hits the electric eel.
The electric eel completely resists.
The bolt of electricity hits you!
The bolt of electricity hits the plant!
The plant begins to die.
The electric eel shoots out a bolt of lightning at you!
The bolt of electricity hits you.
You scratch the electric eel but do no damage.
The electric eel shoots out a bolt of lightning at you!
The bolt of electricity hits you!
* * * LOW HITPOINT WARNING * * *
The electric eel shoots out a bolt of lightning at you!
The bolt of electricity hits you!
* * * LOW HITPOINT WARNING * * *
The bolt of electricity hits the electric eel.
The electric eel completely resists.
The bolt of electricity hits the electric eel.
The electric eel completely resists.
The bolt of electricity hits you!
* * * LOW HITPOINT WARNING * * *
The electric eel shoots out a bolt of lightning at you!
The bolt of electricity hits you!
You die...

##############..#.#
###...~~##........#.#
#)..####.##.##......###
#...~~##'..##.#.#..........
#(.#####.....#.#.#.......### #
#.....#.#.#...#...#..
#~P.~~#.#.#..##.....#
#.....#~P.S$#)#.#..##.#...#
#P..PP#.?~@.#~#.#...#.#...#
#~.P.!#≈S.S≈#~# #...#.#....
#$.~$.##≈≈≈##~# #...#.#..##
#≈≈?≈≈######.## #####.#....
###SSS##~~...## ..####.
###.#####~###### ## ##
#...'...)##
####.#.##########################
.............................o..)


You could see 3 electric eels.

Vanquished Creatures
  A two-headed ogre (D:7)
  Joseph (D:7)
  A steam dragon (D:6)
  2 water moccasins
  4 ice beasts
  A black bear (D:6)
  The ghost of lesbiats the Conjurer, an amateur DrCj (D:4)
  A phantom (D:5)
  Blork the orc (D:5)
  2 bullfrogs (D:6)
  3 necrophages
  A gnoll sergeant (D:7)
  3 scorpions
  A wight (D:7)
  4 killer bees (D:7)
  A jelly (D:7)
  2 orc priests (D:4)
  6 hounds
  Jessica (D:3)
  2 iguanas
  Natasha (D:2)
  3 orc wizards
  5 gnolls (D:7)
  10 adders
  A white imp (D:4)
  4 dart slugs
  28 orcs
  11 ball pythons
  9 endoplasms
  2 giant cockroaches (D:2)
  5 goblins
  6 hobgoblins
  11 jackals
  6 kobolds
  3 quokkas
  6 bats
  6 frilled lizards
  7 rats
163 creatures vanquished.

Vanquished Creatures (others)
  A human (D:5)
  A demonic plant (D:1)
  A plant (D:7)
3 creatures vanquished.

Grand Total: 166 creatures vanquished

Notes
Turn   | Place    | Note
-------+----------+-------------------------------------------
     0 | D:1      | testman the Demonspawn Gladiator began the quest for the
                  | Orb.
     0 | D:1      | Reached XP level 1. HP: 16/16 MP: 1/1
   136 | D:1      | Gained mutation: A meltable shield of frost defends you.
                  | (SH +4) [demonic ancestry]
   136 | D:1      | Reached XP level 2. HP: 19/22 MP: 2/2
   181 | D:1      | Found a faded altar of an unknown god.
   181 | D:1      | Noticed a red devil
   189 | D:1      | Prayed at the altar of an unknown god.
   189 | D:1      | Became a worshipper of Ru the Awakened
   257 | D:1      | Gained mutation: You have sharp fingernails. [demonic
                  | ancestry]
   257 | D:1      | Reached XP level 3. HP: 26/28 MP: 3/3
  1252 | D:2      | Reached skill level 1 in Unarmed Combat
  1252 | D:2      | Gained mutation: You are partially covered in yellow
                  | scales. (AC +2) [demonic ancestry]
  1252 | D:2      | Reached XP level 4. HP: 18/35 MP: 4/4
  1364 | D:2      | Noticed Natasha
  1371 | D:2      | Killed Natasha
  1900 | D:3      | Found a hide-covered altar of Uskayaw.
  2177 | D:3      | Noticed Jessica
  2188 | D:3      | Killed Jessica
  2189 | D:3      | Reached XP level 5. HP: 39/41 MP: 5/5
  2952 | D:4      | Found a staircase to the Ecumenical Temple.
  2960 | Temple   | Entered the Ecumenical Temple
  2965 | Temple   | Fell from the grace of Ru
  2965 | Temple   | Became a worshipper of Warmaster Okawaru
  3070 | D:4      | Noticed a water moccasin
  3085 | D:4      | Killed a water moccasin
  3086 | D:4      | Reached skill level 1 in Invocations
  3086 | D:4      | Gained mutation: You are mostly covered in yellow scales.
                  | (AC +3) [demonic ancestry]
  3086 | D:4      | Reached XP level 6. HP: 29/49 MP: 5/7
  3191 | D:4      | Reached * piety under Okawaru
  3192 | D:4      | Reached skill level 2 in Invocations
  3231 | D:4      | Found a basalt altar of Yredelemnul.
  3524 | D:4      | Found a sacrificial altar of Ru.
  3747 | D:4      | Found a runed translucent gate.
  3748 | D:4      | Found a runed translucent gate.
  3749 | D:4      | Found a runed translucent gate.
  3750 | D:4      | Noticed lesbiats's ghost (amateur DrCj)
  3751 | D:4      | Identified the +3 chain mail of Ubry {Harm rF- rN+ Stlth+}
  4050 | D:4      | Killed lesbiats's ghost
  4068 | D:4      | Reached skill level 3 in Invocations
  4106 | D:4      | Gained mutation: You have very sharp fingernails. [demonic
                  | ancestry]
  4106 | D:4      | Reached XP level 7. HP: 42/55 MP: 9/9
  4187 | D:5      | Entered Level 5 of the Dungeon
  4234 | D:5      | Reached skill level 5 in Fighting
  4475 | D:4      | Reached skill level 4 in Invocations
  5153 | D:5      | Found a shimmering blue altar of Sif Muna.
  5206 | D:5      | Reached skill level 5 in Invocations
  5218 | D:5      | Noticed Blork the orc
  5227 | D:5      | Reached XP level 8. HP: 61/64 MP: 11/11
  5235 | D:5      | Killed Blork the orc
  5430 | D:5      | Found an ancient bone altar of Kikubaaqudgha.
  5555 | D:6      | Reached ** piety under Okawaru
  5597 | D:6      | Reached skill level 5 in Unarmed Combat
  5706 | D:6      | Reached skill level 6 in Invocations
  6226 | D:6      | Reached skill level 7 in Invocations
  6951 | D:7      | Noticed Joseph
  6974 | D:7      | Killed Joseph
  6974 | D:7      | Reached *** piety under Okawaru
  6975 | D:7      | Reached XP level 9. HP: 41/72 MP: 14/14
  6977 | D:7      | Gained mutation: You possess an exceptional clarity of
                  | mind. [potion of mutation]
  6993 | D:7      | Reached skill level 8 in Invocations
  7830 | D:7      | Noticed a two-headed ogre
  7843 | D:7      | Killed a two-headed ogre
  7844 | D:7      | Reached skill level 9 in Invocations
  7853 | D:7      | Killed from afar by an electric eel

Illustrated notes

Levels and vault maps discovered:
D:1:      heliophobic_arrival_dark_side_of_the_moon, layout_loops_ring,
          dreamdust_ecumenical_altar_sealed_demon
D:2:      layout_loops_ring, uniq_natasha
D:3:      layout_basic, tso_oasis_becter, amcnicky_altar_gilded,
          minmay_misc_feat_chi, minmay_misc_feat_five, grunt_ministairs_10,
          uniq_jessica
D:4:      layout_basic, nicolae_overflow_hidden_temple,
          mainiacjoe_overflow_surrounded_room, minmay_temple_entry_junction,
          biasface_ghost_orc_armoury, kennysheep_boxes
D:5:      layout_basic, nicolae_sif_muna_condensation, tgw_kikubaaqudgha,
          uniq_blork_the_orc
D:6:      layout_layer_cave
D:7:      cheibrodos_two_vegetables, layout_basic, kennysheep_generic_room_13,
          uniq_joseph
Temple:   minmay_freezing_vapour_temple

Skill      XL: |  1  2  3  4  5  6  7  8  9 |
---------------+----------------------------+-----
Throwing       | 2 |  2.0
Short Blades   | 3 |  3.0
Dodging        | 3 |  3.5
Fighting       | 3 4 5 7 8 |  8.5
Unarmed Combat | 1 2 3 4 6 7 |  7.2
Invocations    | 1 3 5 7 9 |  9.4

Action                     |  1- 3 |  4- 6 |  7- 9 || total
---------------------------+-------+-------+-------++-------
  Melee: Rapier            |   178 |   301 |    81 ||   560
         Punch             |     2 |     6 |    15 ||    23
         Unarmed           |       |       |   220 ||   220
  Throw: Dart              |       |     3 |     3 ||     6
         Boomerang         |       |       |     5 ||     5
         Throwing net      |       |       |     1 ||     1
 Invoke: Heroism           |       |     1 |     5 ||     6
  Evoke: Wand              |       |     1 |       ||     1
    Use: Potion            |       |       |     7 ||     7
   Stab: Sleeping          |     2 |     3 |       ||     5
         Paralysed         |       |     2 |       ||     2
 Armour: Leather armour    |    40 |    22 |       ||    62
         Robe              |       |    83 |    90 ||   173
         Skin              |       |       |     9 ||     9
  Dodge: Dodged            |    89 |   175 |   178 ||   442
  Block: Other             |    24 |    48 |    50 ||   122

Table legend: (Time is in decaauts)
 A = Elapsed time spent in this place.
 B = Non-inter-level travel time spent in this place.
 C = Inter-level travel time spent in this place.
 D = Time resting spent in this place.
 E = Time spent auto-exploring this place.
 F = Levels seen in this place.
 G = Mean time per level.
                   A        B        C        D        E       F      G
               +--------+--------+--------+--------+--------+-----+--------+
         Total |   7873 |   7668 |    205 |    953 |   5023 |   8 |  984.1 |
       Dungeon |   7862 |   7661 |    201 |    953 |   5023 |   7 | 1123.1 |
        Temple |     10 |      6 |      4 |      0 |      0 |   1 |   10.0 |
               +--------+--------+--------+--------+--------+-----+--------+

Top non-repeatable levels by time:
     D:4: 1955 daAuts
     D:6: 1694 daAuts
     D:2: 918 daAuts
     D:1: 908 daAuts
     D:5: 907 daAuts
     D:3: 881 daAuts
     D:7: 596 daAuts
  Temple: 10 daAuts
